 Dungeon Crawl Stone Soup version 0.31.0-11-ge490571c62 (webtiles) character file.

Game seed: 639035129863298005

102 shadizar the Chiller (level 4, -2/32 HPs)
             Began as a Gnoll Ice Elementalist on Jan 26, 2024.
             Slain by a bog mummy (12 damage)
             ... in an ossuary.
             The game lasted 00:04:19 (2177 turns).

shadizar the Chiller (Gnoll Ice Elementalist)       Turns: 2177, Time: 00:04:19

Health: -2/32      AC:  4    Str:  7    XL:     4   Next: 78%
Magic:  8/11       EV: 14    Int: 16    God:
Gold:   117        SH:  6    Dex: 20    Spells: 12/13 levels left

rFire   + . .        p - +8 dagger of Pride {venom, rElec Will- Dex+7}
rCold   . . .        s - +1 buckler {rF+}
rNeg    . . .        a - +0 robe
rPois   .            (no helmet)
rElec   +            j - +0 cloak
rCorr   .            f - +0 pair of gloves
SInv    .            (no boots)
Will    .....        (no amulet)
Stlth   +++          (no ring)
HPRegen 0.25/turn    (no ring)
MPRegen 0.12/turn

%: no passive effects
@: slowed, very slow
A: fangs 1, strong nose, distributed training
a: no special abilities


You were in an ossuary.
You visited 1 branch of the dungeon, and saw 4 of its levels.
You also visited: Ossuary.

You collected 282 gold pieces.
You spent 165 gold pieces at shops.

Inventory:

Hand Weapons
 c - a +0 whip
 d - a +0 short sword
 m - a +2 short sword of venom
 p - the +8 dagger of Pride (weapon) {venom, rElec Will- Dex+7}
   (You found it on level 2 of the Dungeon)

   Dex+7:     It affects your dexterity (+7).
   rElec:     It insulates you from electricity.
   Will-:     It decreases your willpower.
Armour
 a - a +0 robe (worn)
 f - a +0 pair of gloves (worn)
 h - a +0 tower shield
 j - a +0 cloak (worn)
 s - a +1 buckler of fire resistance (worn)
Wands
 u - a wand of mindburst (12)
Scrolls
 i - 3 scrolls of identify {unknown}
 k - 2 scrolls of vulnerability {unknown}
 o - a scroll of blinking {unknown}
 r - a scroll of fear {unknown}
 t - a scroll of fog {unknown}
Potions
 b - a potion of magic
 e - 2 potions of degeneration {unknown}
 g - a potion of attraction {unknown}
 l - a potion of cancellation {unknown}
 n - 2 potions of mutation {unknown}
 q - a potion of lignification {unknown}


   Skills:
 + Level 1.3 Fighting
 + Level 1.3 Short Blades
 + Level 1.3 Long Blades
 + Level 1.3 Axes
 + Level 1.3 Maces & Flails
 + Level 1.3 Polearms
 + Level 1.3 Staves
 + Level 1.3 Ranged Weapons
 + Level 1.3 Throwing
 + Level 1.3 Armour
 + Level 4.7 Dodging
 + Level 4.3 Stealth
 + Level 1.3 Shields
 + Level 1.3 Unarmed Combat
 + Level 5.1 Spellcasting
 + Level 1.0 Conjurations
 + Level 1.0 Hexes
 + Level 1.0 Summonings
 + Level 1.0 Necromancy
 + Level 1.0 Translocations
 + Level 1.0 Fire Magic
 + Level 7.1 Ice Magic
 + Level 1.0 Air Magic
 + Level 1.0 Earth Magic
 + Level 1.0 Alchemy
 + Level 1.4 Invocations
 + Level 1.3 Evocations
 + Level 1.2 Shapeshifting


You had 12 spell levels left.
You knew the following spells:

 Your Spells              Type           Power      Damage    Failure   Level
a - Freeze                Ice            100%       1d10      1%          1

Your spell library contained the following spells:

 Spells                   Type           Power      Damage    Failure   Level
 Frozen Ramparts          Ice            54%        1d9       4%          3
 Ozocubu's Armour         Ice            27%        N/A       4%          3
 Ensorcelled Hibernation  Hex/Ice        34%        N/A       7%          2
 Summon Ice Beast         Ice/Summ       17%        N/A       14%         3
 Passwall                 Erth           7%         N/A       43%         3
 Swiftness                Air            7%         N/A       43%         3


Dungeon Overview and Level Annotations

Branches:
Dungeon (4/15)            Ossuary (1/1)
 Temple: D:4-7

Altars:
Kikubaaqudgha

Shops:
D:3 [=[


Innate Abilities, Weirdness & Mutations

You have very sharp teeth.
Your uncanny sense of smell can sniff out nearby items.
Your experience applies equally to all skills.


Message History

There is an open door here.
There is an escape hatch in the floor here.
There is an open door here.
Found a scroll labelled SONAOWNAME.
A kobold comes into view. It is wielding a +0 short sword.
You open the door.
Found an escape hatch in the floor.
There is an open door here.
There is a sand-covered staircase here.
The world spins around you as you enter the gateway.
You enter an ossuary!
Found a gate leading back out of this place.
There is an empty arch of ancient stone here.
Unknown command.
There are monsters nearby!
Casting: Freeze (safe; 1% risk of failure)
Confirm with . or Enter, or press ? or * to list all spells.
Okay, then.
Okay, then.
This spell is dangerous to cast!
The bog mummy gestures at you while chanting.
Your memorisation is interrupted.
You feel yourself slow down.
Unknown command.
Casting: Freeze (safe; 1% risk of failure)
Confirm with . or Enter, or press ? or * to list all spells.
Okay, then.
There is a gate leading back out of this place here.
You freeze the bog mummy.
The bog mummy resists.
The bog mummy is lightly damaged.
The bog mummy completely misses you.
You freeze the bog mummy.
The bog mummy resists.
The bog mummy is moderately damaged.
The bog mummy barely misses you.
You freeze the bog mummy.
The bog mummy resists.
The bog mummy is moderately damaged.
The bog mummy hits you!
You barely miss the bog mummy.
The bog mummy is moderately damaged.
The bog mummy hits you! x2
You die...

## ##
≈≈≈≈
≈# #≈
≈#≈
~~~≈
~~#
P#.#.~
~~~.#
~..
##~##
#MM.#
#@∩.#
#∩..#
#####
∆∆∆
∆∆∆
∆∆∆
∆∆∆
∆∆∆
∆∆∆


You could see 2 bog mummies.

Vanquished Creatures
  3 adders
  2 dart slugs
  2 ribbon worms (D:2)
  5 bats
  6 endoplasms
  A giant cockroach (D:1)
  7 goblins
  8 hobgoblins
  4 jackals (D:3)
  8 kobolds
  3 quokkas
  4 ball pythons
  3 frilled lizards
  5 rats
61 creatures vanquished.

Notes
Turn   | Place    | Note
-------+----------+-------------------------------------------
     0 | D:1      | shadizar the Gnoll Ice Elementalist began the quest for the
                  | Orb.
     0 | D:1      | Reached XP level 1. HP: 13/13 MP: 6/6
   138 | D:1      | Reached XP level 2. HP: 19/19 MP: 5/7
   759 | D:2      | Reached skill level 5 in Spellcasting
   759 | D:2      | Reached XP level 3. HP: 20/25 MP: 1/9
   971 | D:2      | Reached skill level 1 in Invocations
  1184 | D:2      | Reached skill level 1 in Fighting
  1184 | D:2      | Reached skill level 1 in Short Blades
  1184 | D:2      | Reached skill level 1 in Long Blades
  1184 | D:2      | Reached skill level 1 in Axes
  1184 | D:2      | Reached skill level 1 in Maces & Flails
  1184 | D:2      | Reached skill level 1 in Polearms
  1184 | D:2      | Reached skill level 1 in Staves
  1184 | D:2      | Reached skill level 1 in Ranged Weapons
  1184 | D:2      | Reached skill level 1 in Throwing
  1184 | D:2      | Reached skill level 1 in Armour
  1184 | D:2      | Reached skill level 1 in Shields
  1184 | D:2      | Reached skill level 1 in Unarmed Combat
  1184 | D:2      | Reached skill level 1 in Evocations
  1274 | D:2      | Identified the +8 dagger of Pride {venom, rElec Will-
                  | Dex+7}
  1300 | D:2      | Reached skill level 1 in Shapeshifting
  1300 | D:2      | Reached XP level 4. HP: 25/32 MP: 11/11
  1712 | D:3      | Found Ufomon's Jewellery Shop.
  1741 | D:3      | Found Weorch's Armour Emporium.
  1864 | D:3      | Bought a +1 buckler of fire resistance for 165 gold pieces
  1888 | D:3      | Found Astroduss's Antique Armour Boutique.
  1905 | D:3      | Reached skill level 1 in Conjurations
  1905 | D:3      | Reached skill level 1 in Hexes
  1905 | D:3      | Reached skill level 1 in Summonings
  1905 | D:3      | Reached skill level 1 in Necromancy
  1905 | D:3      | Reached skill level 1 in Translocations
  1905 | D:3      | Reached skill level 1 in Fire Magic
  1905 | D:3      | Reached skill level 1 in Air Magic
  1905 | D:3      | Reached skill level 1 in Earth Magic
  1905 | D:3      | Reached skill level 1 in Alchemy
  1995 | D:3      | Found an ancient bone altar of Kikubaaqudgha.
  2140 | D:4      | Found a sand-covered staircase.
  2165 | Ossuary  | Entered an ossuary
  2177 | Ossuary  | Slain by a bog mummy

Illustrated notes

Levels and vault maps discovered:
D:1:      dpeg_arrival_pits, layout_basic, minmay_pentomino_t4
D:2:      layout_basic
D:3:      layout_rooms, mainiacjoe_overflow_alcove_2, serial_shops,
          nicolae_shop_tiny_glass, shop, nicolae_shop_gibbet_a_chance,
          wander_ebering_terrifying_dragon_lair
D:4:      layout_rooms, nicolae_ossuary_entry_false_entrances,
          nicolae_the_louvre
Ossuary:  ossuary_zaba_flooded

Skill      XL: |  1  2  3  4 |
---------------+-------------+-----
Spellcasting   | 5 |  5.1
Invocations    | 1 |  1.4
Fighting       | 1 |  1.3
Short Blades   | 1 |  1.3
Long Blades    | 1 |  1.3
Axes           | 1 |  1.3
Maces & Flails | 1 |  1.3
Polearms       | 1 |  1.3
Staves         | 1 |  1.3
Ranged Weapons | 1 |  1.3
Throwing       | 1 |  1.3
Armour         | 1 |  1.3
Shields        | 1 |  1.3
Unarmed Combat | 1 |  1.3
Evocations     | 1 |  1.3
Shapeshifting  | 1 |  1.2
Conjurations   | 1 |  1.0
Hexes          | 1 |  1.0
Summonings     | 1 |  1.0
Necromancy     | 1 |  1.0
Translocations | 1 |  1.0
Fire Magic     | 1 |  1.0
Air Magic      | 1 |  1.0
Earth Magic    | 1 |  1.0
Alchemy        | 1 |  1.0
Dodging        | |  4.7
Stealth        | |  4.3
Ice Magic      | |  7.1

Action                     |  1- 3 |  4- 6 || total
---------------------------+-------+-------++-------
  Melee: Short sword       |     7 |       ||     7
         Dagger            |     5 |    35 ||    40
         Bite              |     1 |     2 ||     3
   Cast: Freeze            |    52 |     5 ||    57
   Stab: Sleeping          |       |     4 ||     4
 Armour: Robe              |    32 |    17 ||    49
  Dodge: Dodged            |    34 |    33 ||    67
  Block: Buckler           |       |     6 ||     6
